 Dungeon Crawl Stone Soup version 0.29-a0-1006-g0dd7720b37 (webtiles) character file.

Game seed: 17952310032721384300

175 Sobieck the Sneak (level 5, -6/27 HPs)
             Began as a Vine Stalker Brigand on Aug 6, 2022.
             Mangled by a mummy (11 damage)
             ... in an ossuary.
             The game lasted 00:06:30 (2824 turns).

Sobieck the Sneak (Vine Stalker Brigand)            Turns: 2824, Time: 00:06:30

Health: -6/27      AC:  3    Str: 13    XL:     5   Next: 55%
Magic:  0/6        EV: 12    Int: 11    God:
Gold:   131        SH:  0    Dex: 18    Spells: 4/4 levels left

rFire   . . .      SeeInvis .   a - +3 dagger (speed) {short}
rCold   . . .      Faith    .   (no shield)
rNeg    . . .      Spirit   +   t - +0 robe
rPois   .          Reflect  .   (no helmet)
rElec   .          Harm     .   c - +0 cloak
rCorr   .          Rampage  .   (no gloves)
Will    .....                   (no boots)
Stlth   +++.......              (no amulet)
HPRegen 0.89/turn               (no ring)
MPRegen 0.10/turn               (no ring)

@: no status effects
A: fangs 2, regeneration 1, magic shield, antimagic bite, no potion heal 2
a: no special abilities


You were in an ossuary.
You visited 1 branch of the dungeon, and saw 4 of its levels.
You also visited: Ossuary.

You collected 131 gold pieces.


Innate Abilities, Weirdness & Mutations

You have extremely sharp teeth.
Your natural rate of healing is unusually fast.
When hurt, damage is shared between your health and your magic reserves.
Your bite disrupts and absorbs the magic of your enemies.
Potions cannot restore your health.


   Skills:
 + Level 2.7 Fighting
 * Level 3.4 Short Blades
 - Level 1.7 Throwing
 + Level 1.9 Dodging
 + Level 5.7 Stealth


You had 4 spell levels left.
You didn't know any spells.
Your spell library contained the following spells:

 Spells                   Type           Power      Damage    Failure   Level
 Apportation              Tloc           0%         N/A       34%         1
 Alistair's Intoxication  Tmut/Pois      0%         N/A       100%        5

Inventory:

Hand Weapons
 a - a +3 dagger of speed (weapon) {short}
   (You took it off a goblin on level 2 of the Dungeon)
 b - a +0 sling
   (You found it on level 2 of the Dungeon)
 q - a +2 dagger {short}
Missiles
 d - 9 poisoned darts (quivered) {throwing}
 e - 3 curare-tipped darts {=fthrowing}
 o - 11 stones {throwing}
 v - 3 datura-tipped darts {throwing}
 w - a throwing net {=f!fthrowing}
 C - 4 boomerangs {throwing}
Armour
 c - a +0 cloak (worn)
 g - a +0 chain mail
   (You found it on level 1 of the Dungeon)
 k - a +0 ring mail
   (You found it on level 1 of the Dungeon)
 t - a +0 robe (worn)
 y - a +0 leather armour
   (You found it on level 3 of the Dungeon)
 z - a +0 robe
   (You found it on level 3 of the Dungeon)
Jewellery
 s - a +6 ring of intelligence
   (You found it on level 2 of the Dungeon)
Scrolls
 r - 2 scrolls of blinking {!r}
 u - a scroll of fear
Potions
 f - a potion of attraction {!q}
 h - 3 potions of heal wounds {@q2}
 l - a potion of ambrosia {unknown}
 m - a potion of curing {unknown}
 n - a potion of invisibility {unknown}
 B - a potion of brilliance {unknown}
 E - 2 potions of magic

Dungeon Overview and Level Annotations

Branches:
Dungeon (4/15) Zot: 21397 Ossuary (1/1) Zot: 5817
 Temple: D:4-7

Altars:

Annotations:
D:4 1 transporter

..............#
#........#
#......#
##....## #....#
#....# #....#
#..M.# #.@..#
#....# #....#
#.∩∩.# ######


You could see a mummy.


Message History

You shoot a sling bullet.
The sling bullet hits the mummy but does no damage.
Your hands tingle!
a - a +3 dagger of speed (weapon)
{short} You hit the mummy.
You destroy the mummy!
No target in view!
b - a +0 sling (weapon)
Unknown command.
Danger!
You shoot a sling bullet.
The sling bullet hits the hobgoblin zombie.
You shoot a sling bullet.
The sling bullet hits the hobgoblin zombie.
You shoot a sling bullet.
The sling bullet hits the hobgoblin zombie.
You destroy the hobgoblin zombie!
No target in view!
No target in view!
Unknown command.
A kobold zombie comes into view.
Danger!
You shoot a sling bullet.
The sling bullet hits the kobold zombie!
You destroy the kobold zombie!
A mummy comes into view.
You shoot a sling bullet. The sling bullet hits the mummy.
A mummy comes into view.
You shoot a sling bullet.
The sling bullet hits the hobgoblin zombie!
You destroy the hobgoblin zombie!
There is a gate leading back out of this place here.
You shoot a sling bullet. The sling bullet hits the mummy.
You shoot a sling bullet.
The sling bullet hits the mummy but does no damage.
You shoot a sling bullet.
The sling bullet barely misses the mummy.
You shoot a sling bullet. The sling bullet hits the mummy.
You shoot a sling bullet. The sling bullet hits the mummy!
You destroy the mummy!
You shoot a sling bullet.
The sling bullet barely misses the mummy.
You shoot a sling bullet. The sling bullet hits the mummy.
You shoot a sling bullet. The sling bullet hits the mummy.
Your hands tingle!
a - a +3 dagger of speed (weapon)
{short} You hit the mummy but do no damage.
You bite the mummy, but do no damage. You hit the mummy. The mummy hits you!
You are too injured to fight recklessly!
You are too injured to fight recklessly!
Unknown command.
You hit the mummy. You hit the mummy. You bite the mummy, but do no damage.
You hit the mummy but do no damage. You bite the mummy. You drain its power.
You feel invigorated. The mummy hits you!
* * * LOW HITPOINT WARNING * * *
You hit the mummy but do no damage.
Unknown command.
You hit the mummy.
You destroy the mummy!
Unknown command.
You start resting.
Unknown command.
You start resting.
Unknown command.
b - a +0 sling (weapon)
Unknown command.
Unknown command.
Unknown command. 2 mummies come into view.
Danger!
You shoot a sling bullet.
The sling bullet hits the mummy but does no damage.
Unknown command.
Unknown command.
Unknown command.
Danger!
You shoot a sling bullet. The sling bullet hits the mummy.
You shoot a sling bullet.
The sling bullet hits the mummy but does no damage.
You shoot a sling bullet. The sling bullet hits the mummy.
You shoot a sling bullet. The sling bullet hits the mummy.
You shoot a sling bullet.
The sling bullet hits the mummy but does no damage.
You shoot a sling bullet. The sling bullet hits the mummy.
You shoot a sling bullet.
The sling bullet barely misses the mummy.
Your hands tingle!
a - a +3 dagger of speed (weapon)
{short} You hit the mummy.
You bite the mummy. You drain its power. You hit the mummy but do no damage.
The mummy hits you! x2
* * * LOW HITPOINT WARNING * * *
Unknown command.
You hit the mummy. You bite the mummy.
You destroy the mummy!
Unknown command.
You hit the mummy. You bite the mummy, but do no damage.
You barely miss the mummy. You bite the mummy, but do no damage.
The mummy hits you!
You die...

Skill      XL: |  1  2  3  4 |
---------------+-------------+-----
Short Blades   | 2 3 |  3.4
Dodging        | 1 |  1.9
Stealth        | 5 |  5.7
Fighting       | 2 |  2.7
Throwing       | |  1.7

Action                   |  1- 3 |  4- 6 || total
-------------------------+-------+-------++-------
Melee: Dagger            |    79 |    92 ||   171
       Bite              |    19 |    30 ||    49
       Punch             |     1 |       ||     1
 Fire: Sling             |     5 |    61 ||    66
  Use: Scroll            |       |    10 ||    10
 Stab: Sleeping          |     9 |     1 ||    10
Armor: Robe              |    10 |    14 ||    24
Dodge: Dodged            |    42 |    32 ||    74

Levels and vault maps discovered:
D:1:      amcnicky_arrival_choice, layout_loops_ring,
          chequers_ecumenical_altar_lobes
D:2:      layout_loops_ring, grunt_decor_fettered
D:3:      layout_loops_ring
D:4:      layout_loops_corners, gammafunk_ghost_mausoleum, enter_ossuary_3,
          minmay_pentomino_pile
Ossuary:  ossuary_tomb_3

Notes
Turn   | Place    | Note
-------+----------+-------------------------------------------
     0 | D:1      | Sobieck the Vine Stalker Brigand began the quest for the
                  | Orb.
     0 | D:1      | Reached XP level 1. HP: 11/11 MP: 2/2
   118 | D:1      | Reached skill level 2 in Short Blades
   209 | D:1      | Reached skill level 1 in Dodging
   209 | D:1      | Reached XP level 2. HP: 15/15 MP: 3/3
   228 | D:1      | You pick up a book of Party Tricks and begin reading...
   228 | D:1      | You add the spells Apportation and Alistair's Intoxication
                  | to your library.
   282 | D:1      | Reached skill level 5 in Stealth
   284 | D:1      | Reached skill level 2 in Fighting
   824 | D:1      | Reached XP level 3. HP: 18/18 MP: 4/4
   887 | D:1      | Found a faded altar of an unknown god.
  1484 | D:2      | Gained mutation: Your natural rate of healing is unusually
                  | fast. [Vine Stalker growth]
  1484 | D:2      | Reached XP level 4. HP: 11/23 MP: 2/5
  1899 | D:3      | Reached skill level 3 in Short Blades
  2571 | D:4      | Found a transporter.
  2630 | D:4      | Found a sand-covered staircase.
  2647 | Ossuary  | Entered an ossuary
  2705 | Ossuary  | Reached XP level 5. HP: 27/27 MP: 6/6
  2752 | Ossuary  | HP: 5/27 [mummy (12)]
  2821 | Ossuary  | HP: 4/27 [mummy (11)]
  2824 | Ossuary  | Mangled by a mummy

Vanquished Creatures
  5 mummies (Ossuary)
  4 gnolls (D:2)
  2 dart slugs (D:2)
  A worm (D:3)
  An orc (D:3)
  6 ball pythons
  5 bats
  2 endoplasms
  3 giant cockroaches
  2 gnoll zombies
  6 goblins
  6 hobgoblins
  7 jackals
  5 quokkas
  3 hobgoblin zombies (Ossuary)
  A kobold (D:2)
  A kobold zombie (Ossuary)
  3 orc zombies (Ossuary)
  3 rats
66 creatures vanquished.

Table legend:
 A = Non-vault XP
 B = Vault XP
 C = Vault XP percentage of total XP
 D = Non-vault monster count
 E = Vault monster count
 F = Vault count percentage of total count
                 A         B        C        D         E       F
            +---------+---------+-------+---------+---------+-------
      Total |     150 |     101 |  40.2 |      52 |      14 |  21.2
            +---------+---------+-------+---------+---------+-------
        D:1 |      37 |       0 |   0.0 |      20 |       0 |   0.0
        D:2 |      84 |       0 |   0.0 |      17 |       0 |   0.0
        D:3 |      27 |       0 |   0.0 |      13 |       0 |   0.0
        D:4 |       2 |       2 |  50.0 |       2 |       1 |  33.3
    Ossuary |       0 |      99 | 100.0 |       0 |      13 | 100.0
            +---------+---------+-------+---------+---------+-------

Illustrated notes

Table legend:
 A = Kills in this place as a percentage of kills in entire the game.
 B = Kills by you in this place as a percentage of kills by you in the entire game.
 C = Kills by friends in this place as a percentage of kills by friends in the entire game.
 D = Other kills in this place as a percentage of other kills in the entire game.
 E = Experience gained in this place as a percentage of experience gained in the entire game.
 F = Experience gained in this place divided by the number of levels of this place that you have seen.
                   A       B       C       D       E      F
               +-------+-------+-------+-------+-------+----------------------
         Total | 100.0 | 100.0 |   N/A |   N/A | 100.0 |  50.2
       Dungeon |  80.3 |  80.3 |   N/A |   N/A |  60.6 |  38.0
       Ossuary |  19.7 |  19.7 |   N/A |   N/A |  39.4 |  99.0
               +-------+-------+-------+-------+-------+----------------------

Table legend: (Time is in decaauts)
 A = Elapsed time spent in this place.
 B = Non-inter-level travel time spent in this place.
 C = Inter-level travel time spent in this place.
 D = Time resting spent in this place.
 E = Time spent auto-exploring this place.
 F = Levels seen in this place.
 G = Mean time per level.
                   A        B        C        D        E       F      G
               +--------+--------+--------+--------+--------+-----+--------+
         Total |   2784 |   2740 |     44 |     81 |   2087 |   5 |  556.8 |
       Dungeon |   2602 |   2558 |     44 |     43 |   2087 |   4 |  650.5 |
       Ossuary |    181 |    181 |      0 |     38 |      0 |   1 |  181.0 |
               +--------+--------+--------+--------+--------+-----+--------+

Top non-repeatable levels by time:
     D:1: 941 daAuts
     D:2: 913 daAuts
     D:3: 623 daAuts
 Ossuary: 181 daAuts
     D:4: 124 daAuts
